 Dungeon Crawl Stone Soup version 0.23-a0-54-gae6112e (webtiles) character file.

6 Amnesiac the Gusty (level 1, 0/13 HPs)
             Began as a Mummy Air Elementalist on Aug 8, 2018.
             Slain by a jackal (2 damage)
             ... on level 3 of the Dungeon.
             The game lasted 00:00:47 (90 turns).

Amnesiac the Gusty (Mummy Air Elementalist)           Turns: 90, Time: 00:00:48

Health: 0/13       AC:  2    Str: 11    XL:     1   Next: 75%
Magic:  0/4        EV: 12    Int: 14    God:
Gold:   0          SH:  0    Dex: 12    Spells: 4/5 levels left

rFire    x . .     SeeInvis .   c - +0 short sword
rCold    + . .     Gourm    .   (no shield)
rNeg     + + +     Faith    .   a - +0 robe
rPois    ∞         Spirit   .   (no helmet)
rElec    .         Reflect  .   (no cloak)
rCorr    .         Harm     .   (no gloves)
MR       .....                  (no boots)
Stlth    ++........             (no amulet)
HPRegen  0.04/turn              (no ring)
MPRegen  0.09/turn              (no ring)

@: no status effects
A: no food or potions, fire vulnerability, cold resistance 1, negative energy
resistance 3, torment resistance, unbreathing
a: no special abilities


You were on level 3 of the Dungeon.
You were not hungry.

You visited 1 branch of the dungeon, and saw 3 of its levels.

Inventory:

Hand Weapons
 c - a +0 short sword (weapon)
Armour
 a - a +0 robe (worn)
Scrolls
 b - a scroll of teleportation {!r, unknown}


   Skills:
 - Level 1.5 Dodging
 - Level 1.5 Stealth
 + Level 2.7 Spellcasting
 - Level 0.7 Conjurations
 * Level 2.8 Air Magic


You had 4 spell levels left.
You knew the following spells:

 Your Spells              Type           Power        Failure   Level  Hunger
a - Shock                 Conj/Air       #...         11%         1    N/A

Your spell library contained the following spells:

 Spells                   Type           Power        Failure   Level  Hunger
 Lightning Bolt           Conj/Air       #.........   96%         5    N/A
 Swiftness                Chrm/Air       #.......     19%         2    N/A
 Airstrike                Air            #.........   56%         4    N/A
 Static Discharge         Conj/Air       #.......     32%         3    N/A

Dungeon Overview and Level Annotations

Branches:
Dungeon (3/15)

Altars:


Innate Abilities, Weirdness & Mutations

You do not eat or drink.
Your flesh is vulnerable to fire.
You are immune to poison.
Your flesh is cold resistant. (rC+)
You are immune to negative energy. (rN+++)
You are immune to unholy pain and torment.
You can survive without breathing.


Message History

* * * LOW HITPOINT WARNING * * *
Unknown command.
Casting: Shock (safe; 11% risk of failure)
Confirm with . or Enter, or press ? or * to list all spells.
Aiming: Shock (safe; 11% risk of failure)
Press: ? - help, Shift-Dir - straight line, f/p - jackal
Aim: a jackal (moderately wounded)
The zap hits the jackal.
The jackal is heavily wounded.
The zap misses the jackal. x2; The zap hits the goblin.
You kill the goblin!
The zap hits the jackal.
The jackal appears unharmed.
The jackal is moderately wounded.
The zap hits the goblin.
The goblin is moderately wounded.
The jackal barely misses you.
Unknown command.
Casting: Shock (safe; 11% risk of failure)
Confirm with . or Enter, or press ? or * to list all spells.
Aiming: Shock (safe; 11% risk of failure)
Press: ? - help, Shift-Dir - straight line, f/p - jackal
Aim: a jackal (heavily wounded)
The zap hits the jackal.
You kill the jackal!
Training target 2.7 for Air Magic reached!
You need to enable at least one skill for training.
The zap hits the jackal.
The jackal is severely wounded.
The zap hits the jackal.
The jackal is almost dead.
The zap hits the jackal.
The jackal is almost dead.
The zap hits the goblin.
You kill the goblin!
You completely miss the jackal.
The jackal is severely wounded.
The jackal bites you.
* * * LOW HITPOINT WARNING * * *
You completely miss the jackal.
The jackal is severely wounded.
The jackal misses you. The jackal closely misses you.
You closely miss the jackal.
The jackal is severely wounded.
The jackal misses you.
Unknown command.
The jackal misses you.
Unknown command.
Unknown command.
The jackal bites you but does no damage.
Unknown command.
Unknown command.
Casting: Shock (safe; 11% risk of failure)
Confirm with . or Enter, or press ? or * to list all spells.
Aiming: Shock (safe; 11% risk of failure)
Press: ? - help, Shift-Dir - straight line, f - jackal
Aim: a jackal (severely wounded)
The zap hits the jackal.
The jackal is almost dead.
The zap hits the jackal.
The jackal is almost dead.
The zap misses the jackal.
The jackal bites you.
* * * LOW HITPOINT WARNING * * *
The jackal bites you.
You die...

#.#
#.#
#.#
#.#
#.#
#.#
#.#
#@#
#h#
#h#
#h#
#.#
#†#
#.#
#.#
#†#


You could see 3 jackals.

Vanquished Creatures
  3 goblins (D:3)
  A hobgoblin (D:2)
  A jackal (D:3)
5 creatures vanquished.

Notes
Turn   | Place    | Note
-------+----------+-------------------------------------------
     0 | D:1      | Amnesiac the Mummy Air Elementalist began the quest for the Orb.
     0 | D:1      | Reached XP level 1. HP: 13/13 MP: 4/4
    90 | D:3      | Slain by a jackal

Vault maps used:
D:1:      tarquinn_simple_flora_water_b, tso_metal_star
D:2:      kennysheep_generic_room_16, uniq_jessica

Action                   || total
-------------------------++-------
Melee: Short sword       ||     3
 Cast: Shock             ||     6
Armor: Robe              ||     3
Dodge: Dodged            ||    13

Table legend:
 A = Spawn XP
 B = Non-spawn XP
 C = Spawn XP percentage of total XP
 D = Spawn monster count
 E = Non-spawn monster count
 F = Spawn count percentage of total count
 G = Total turns spent on level
                    A         B        C        D         E        F      G
               +---------+---------+-------+---------+---------+-------+---------
         Total |       0 |       9 |   0.0 |       0 |       5 |   0.0 |    90
               +---------+---------+-------+---------+---------+-------+---------
           D:2 |       0 |       2 |   0.0 |       0 |       1 |   0.0 |    14
           D:3 |       0 |       7 |   0.0 |       0 |       4 |   0.0 |    34
               +---------+---------+-------+---------+---------+-------+---------
